 Dungeon Crawl Stone Soup version 0.24-a0-699-g5a66b1aa3b (webtiles) character file.

Game seed: 7000917776618191806, levelgen mode: deterministic

24 Bikalo the Vexing (level 3, 0/26 HPs)
             Began as a Formicid Arcane Marksman on Sept 29, 2019.
             Slain by a goblin
             ... wielding a +0 club
              (1 damage)
             ... on level 1 of the Dungeon.
             The game lasted 00:02:18 (997 turns).

Bikalo the Vexing (Formicid Arcane Marksman)         Turns: 997, Time: 00:02:18

Health: 0/26       AC:  3    Str: 15    XL:     3   Next: 15%
Magic:  5/5        EV: 12    Int: 12    God:
Gold:   37         SH:  0    Dex: 11    Spells: 3/4 levels left

rFire    . . .     SeeInvis +   a - +0 hand crossbow
rCold    . . .     Gourm    .   (no shield)
rNeg     . . .     Faith    .   l - +0 leather armour
rPois    .         Spirit   .   (helmet unavailable)
rElec    .         Reflect  .   (no cloak)
rCorr    .         Harm     .   (no gloves)
MR       .....                  (no boots)
Stlth    +.........             (no amulet)
HPRegen  0.08/turn              (no ring)
MPRegen  0.09/turn              (no ring)

@: no status effects
A: permanent stasis, dig shafts and tunnels, four strong arms, antennae 3
a: Dig, Shaft Self


You were on level 1 of the Dungeon.
You were not hungry.

You visited 1 branch of the dungeon, and saw 2 of its levels.

You collected 37 gold pieces.

Inventory:

Hand Weapons
 a - a +0 hand crossbow (weapon)
 b - a +0 dagger
Missiles
 d - 37 bolts (quivered)
Armour
 e - a +0 robe
 l - a +0 leather armour (worn)
Scrolls
 g - a scroll of enchant armour {unknown}
 h - a scroll of fog {unknown}
 i - 2 scrolls of magic mapping {unknown}
 k - 3 scrolls of remove curse {unknown}
 m - a scroll of identify {unknown}
 o - a scroll of teleportation {unknown}
Potions
 c - a potion of curing {unknown}
 j - 2 potions of heal wounds {unknown}
 n - a potion of flight {unknown}
 p - a potion of brilliance {unknown}
Comestibles
 f - 4 rations


   Skills:
 + Level 1.4 Fighting
 + Level 0.2 Short Blades
 * Level 2.5 Crossbows
 + Level 2.0 Dodging
 + Level 1.4 Spellcasting
 + Level 3.8 Hexes


You had 3 spell levels left.
You knew the following spells:

 Your Spells              Type           Power        Failure   Level  Hunger
a - Corona                Hex            ##.....      8%          1    ##.....

Your spell library contained the following spells:

 Spells                   Type           Power        Failure   Level  Hunger
 Slow                     Hex            ##......     11%         2    ###....
 Inner Flame              Hex/Fire       #.......     43%         3    ####...
 Portal Projectile        Hex/Tloc       #.....       43%         3    ####...
 Cause Fear               Hex            ##........   58%         4    #####..
 Leda's Liquefaction      Hex/Erth       #.........   85%         4    #####..


Dungeon Overview and Level Annotations

Branches:
Dungeon (2/15)

Altars:


Innate Abilities, Weirdness & Mutations

You cannot be hasted, slowed, berserked, paralysed or teleported.
You can dig through walls and to a lower floor.
Your four strong arms can wield two-handed weapons with a shield.
You have a pair of large antennae on your head. (SInv)


Message History

The goblin hits you but does no damage.
The gnoll hits you from afar with a +0 halberd!
* * * LOW HITPOINT WARNING * * *
You climb upwards.
There is a stone staircase leading down here.
Unknown command.
a - a +0 hand crossbow (weapon)
The goblin hits you with a +0 club.
* * * LOW HITPOINT WARNING * * *
Firing (i - inventory)
d - 39 bolts (quivered)
Press: ? - help, Shift-Dir - straight line, f - goblin
Aim: a goblin, wielding a +0 club You shoot a bolt.
The bolt barely misses the goblin.
The goblin closely misses you.
Firing (i - inventory)
d - 38 bolts (quivered)
Press: ? - help, Shift-Dir - straight line, f/p - goblin
Aim: a goblin, wielding a +0 club You shoot a bolt.
The bolt barely misses the goblin.
The goblin hits you with a +0 club.
You die...

##.............#.#.........# #.##
##....####.#...#.#...#.#...# #.##
......####...........#.....###...
.................................
##....####.#.....#...#...........
#...............................
#...............................
#.....###.#.#...#...............
##.......(.....g@................
................................#
###.#..###.#.#...###...#..#.##..#
#..........##..###...#..#.##..#
###....รท......................#
###..###..#.#..####..#..####...
#.........#.#..# #..#..# #..#
#.#.........#..####..#..####..#
#.#..##..........##..#.........


You could see a goblin.

Vanquished Creatures
  2 leopard geckos (D:1)
  A bat (D:1)
  2 giant cockroaches (D:1)
  5 goblins (D:1)
  2 hobgoblins (D:1)
  2 kobolds (D:1)
  2 frilled lizards (D:1)
  3 rats (D:1)
19 creatures vanquished.

Notes
Turn   | Place    | Note
-------+----------+-------------------------------------------
     0 | D:1      | Bikalo the Formicid Arcane Marksman began the quest for the
                  | Orb.
     0 | D:1      | Reached XP level 1. HP: 15/15 MP: 2/2
    54 | D:1      | Reached XP level 2. HP: 16/21 MP: 3/3
   578 | D:1      | Reached XP level 3. HP: 23/26 MP: 5/5
   995 | D:1      | HP: 1/26 [goblin/+0 club (1)]
   997 | D:1      | Slain by a goblin

Levels and vault maps discovered:
D:1:      dpeg_arrival_shrine, layout_basic
D:2:      layout_rooms, nicolae_dithmenos_shadow_blocks,
          gammafunk_temple_overflow_wave, nicolae_overflow_hidden_temple

Skill      XL: |  1  2 |
---------------+-------+-----
Dodging        | 2 |  2.0
Fighting       | |  1.4
Short Blades   | |  0.2
Crossbows      | |  2.5
Spellcasting   | |  1.4
Hexes          | |  3.8

Action                   || total
-------------------------++-------
Melee: Dagger            ||    80
 Fire: Hand crossbow     ||    13
Armor: Robe              ||    15
       Leather armour    ||    17
Dodge: Dodged            ||    68

Table legend:
 A = Non-vault XP
 B = Vault XP
 C = Vault XP percentage of total XP
 D = Non-vault monster count
 E = Vault monster count
 F = Vault count percentage of total count
                 A         B        C        D         E       F
            +---------+---------+-------+---------+---------+-------
      Total |      35 |       0 |   0.0 |      19 |       0 |   0.0
            +---------+---------+-------+---------+---------+-------
        D:1 |      35 |       0 |   0.0 |      19 |       0 |   0.0
            +---------+---------+-------+---------+---------+-------
